 Dungeon Crawl Stone Soup version 0.29.1-debian-1-gc3f1650bb9 (webtiles) character file.

Game seed: 15675008169668964027

7000 NinjaNoafa the Arsonist (level 10, -2/69 HPs)
             Began as a Black Draconian Fire Elementalist on Sept 12, 2022.
             Was a Priest of Sif Muna.
             Slain by an orc warrior
             ... wielding a +0 long sword
              (7 damage)
             ... on level 9 of the Dungeon.
             The game lasted 00:31:54 (11869 turns).

NinjaNoafa the Arsonist (DrFE)                     Turns: 11869, Time: 00:31:55

Health: -2/69      AC: 14    Str: 16    XL:     10   Next: 82%
Magic:  6/17       EV: 12    Int: 24    God:    Sif Muna [***...]
Gold:   168        SH:  4    Dex: 10    Spells: 8/21 levels left

rFire   . . .      SeeInvis .   z - +7 war axe
rCold   . . .      Faith    .   r - +0 buckler
rNeg    . . .      Spirit   .   (body armour unavailable)
rPois   .          Reflect  .   (helmet restricted)
rElec   +          Harm     .   A - +0 cloak
rCorr   .          Rampage  .   a - +0 pair of gloves
Will    .....                   q - +0 pair of boots
Stlth   ++........              (no amulet)
HPRegen 0.21/turn               c - +6 ring of strength
MPRegen 0.15/turn               B - +4 ring of protection

@: about to teleport, short of breath, very slightly contaminated
A: breathe lightning, AC +7, unfitting armour, electricity resistance,
cold-blooded, clever 1, low MP 1
a: Breathe Lightning, Renounce Religion, Channel Magic, Forget Spell


You were on level 9 of the Dungeon.
You worshipped Sif Muna.
Sif Muna was most pleased with you.
You visited 2 branches of the dungeon, and saw 10 of its levels.
You also visited: Bailey.

You collected 354 gold pieces.
You spent 186 gold pieces at shops.

Inventory:

Hand Weapons
 z - a +7 war axe (weapon)
Missiles
 h - 41 stones
 p - 9 poisoned darts
 y - 9 javelins
Armour
 a - a +0 pair of gloves (worn)
 q - a +0 pair of boots (worn)
 r - a +0 buckler (worn)
 A - a +0 cloak (worn)
Jewellery
 c - a +6 ring of strength (left hand)
 u - a ring of protection from cold
 B - a +4 ring of protection (right hand)
Wands
 f - a wand of paralysis (13)
 v - a wand of mindburst (14)
 w - a wand of flame (37)
Scrolls
 d - a scroll of blinking
 e - a scroll of teleportation
 j - 2 scrolls of fear
 m - 2 scrolls of amnesia
 n - 3 scrolls of magic mapping
 o - a scroll of poison
 s - a scroll of silence
 t - a scroll of immolation
Potions
 b - 3 potions of attraction
 g - 3 potions of flight
 k - a potion of mutation
 x - 3 potions of haste
 C - a potion of resistance


   Skills:
 + Level 0.0 Fighting
 + Level 3.0 Dodging
 - Level 1.7 Stealth
 - Level 3.0 Shields
 + Level 6.1 Spellcasting
 - Level 9.0 Conjurations
 - Level 9.0 Fire Magic
 - Level 5.0 Air Magic
 - Level 7.0 Invocations
 - Level 3.0 Evocations


You had 8 spell levels left.
You knew the following spells:

 Your Spells              Type           Power      Damage    Failure   Level
a - Foxfire               Conj/Fire      100%       2x1d9     1%          1
b - Scorch                Fire           100%       2d10      1%          2
c - Static Discharge      Conj/Air       82%        3-9/arc   1%          2
d - Flame Wave            Conj/Fire      50%        2d12      2%          4
e - Sticky Flame          Conj/Fire      50%        2d7       2%          4

Your spell library contained the following spells:

 Spells                   Type           Power      Damage    Failure   Level
 Inner Flame              Hex/Fire       28%        N/A       4%          3
 Poisonous Vapours        Pois/Air       38%        N/A       5%          2
 Sting                    Tmut/Pois      28%        1d4       11%         1
 Summon Small Mammal      Summ           28%        N/A       11%         1
 Call Canine Familiar     Summ           7%         N/A       30%         3
 Ozocubu's Armour         Ice            7%         N/A       30%         3
 Dispel Undead            Necr           7%         3d8       71%         4
 Olgreb's Toxic Radiance  Pois           7%         N/A       71%         4
 Summon Forest            Summ/Tloc      3%         N/A       96%         5
 Summon Mana Viper        Hex/Summ       7%         N/A       96%         5
 Summon Cactus Giant      Summ           3%         N/A       100%        6
 Ozocubu's Refrigeration  Ice            3%         4d8       100%        7


Dungeon Overview and Level Annotations

Branches:
Dungeon (9/15)             Temple (1/1) D:6          Bailey (visited)
   Lair: D:8-11         Orc: D:9-12

Altars:
Ashenzari
Cheibriados
Dithmenos
Fedhas
Gozag
Hepliaklqana
Kikubaaqudgha
Makhleb
Nemelex Xobeh
Qazlal
Ru
Sif Muna
Trog
Uskayaw
Vehumet
Wu Jian
Xom
Yredelemnul
Zin
The Shining One

Shops:
D:4 !   D:5 =   D:7 [   D:8 !

Annotations:
D:3 Grinder, Sigmund


Innate Abilities, Weirdness & Mutations

You can breathe wild blasts of lightning.
Your glossy black scales are hard. (AC +7)
You cannot fit into any form of body armour.
You are resistant to electric shocks. (rElec)
You are cold-blooded and may be slowed by cold attacks.
Your mind is acute. (Int +4, Str/Dex -1)
Your magical capacity is low. (-10% MP)


Message History

The orc warrior is struck by an arc of lightning.
The orc warrior is moderately wounded.
You resist.
You are struck by an arc of lightning.
The orc warrior is struck by an arc of lightning.
The orc warrior is moderately wounded.
You resist.
You are struck by an arc of lightning.
The orc warrior hits you from afar with a +0 glaive.
An orc comes into view. It is wielding a +0 club.
You block the orc warrior's attack.
Casting: Static Discharge (safe; 1% risk of failure)
Confirm with . or Enter, or press ? or * to list all spells.
Flames lash the orc warrior.
The orc warrior is severely wounded.
The orc warrior's fire resistance burns away.
You hear a shout!
An orc comes into view. It is wielding a +0 dagger.
You block the orc warrior's attack.
The orc priest calls upon Beogh to heal the orc warrior.
The orc warrior is healed somewhat.
The orc warrior barely misses you.
Casting: Scorch (safe; 1% risk of failure)
Confirm with . or Enter, or press ? or * to list all spells.
Casting: Flame Wave (dangerous; 2% risk of failure)
Press: ? - help, Dir - look around, f - activate A wave of flame ripples out!
The flame wave engulfs the orc warrior but does no damage.
The orc warrior is moderately wounded. (Press . to intensify the flame waves.)
You hear a shout!
You block the orc warrior's attack.
The orc warrior hits you with a +0 long sword!
* * * LOW HITPOINT WARNING * * *
Okay, then.
As you read the scroll of teleportation, it crumbles to dust.
You feel strangely unstable.
The orc warrior hits you from afar with a +0 glaive!
* * * LOW HITPOINT WARNING * * *
The orc priest calls upon Beogh to heal the orc warrior.
The orc warrior is healed somewhat.
The orc warrior hits you with a +0 long sword!
You die...

.# ### ..# ..# ..# ..#
o ..# ..o ..#
##########oo.oo ..#
########....@oooooo...
..#
#........########oo...
..###.######## ...
..'.<.# . ..##### ..#
#.# #.# #.#


You could see 2 orc warriors, an orc priest and 7 orcs.

Vanquished Creatures
  A two-headed ogre (D:9)
  An orc knight (Bailey)
  Maurice (D:8)
  A hornet (D:9)
  A vampire (D:9)
  A wraith (D:9)
  5 yaks
  Grum (D:8)
  3 water moccasins
  3 ice beasts
  2 black bears
  12 orc warriors
  4 sky beasts
  2 wolves (D:8)
  A centaur (D:8)
  An ogre (D:5)
  A phantom (D:5)
  A bullfrog (D:8)
  A scorpion (D:6)
  A necrophage (D:6)
  3 wights (D:7)
  9 killer bees
  2 howler monkeys
  2 hounds
  3 jellies
  2 orc priests
  A gnoll bouda (D:6)
  Ijyb (D:4)
  3 iguanas
  Natasha (thrice) (D:4)
  6 orc wizards
  10 gnolls
  5 adders
  A white imp (D:7)
  2 ufetubi
  3 worms
  2 dart slugs
  37 orcs
  3 bats
  2 endoplasms
  5 giant cockroaches
  10 goblins
  4 hobgoblins
  4 kobolds
  2 quokkas
  2 ball pythons
  4 rats (D:1)
175 creatures vanquished.

Vanquished Creatures (others)
  A jelly (D:6)
  485 foxfires
486 creatures vanquished.

Grand Total: 661 creatures vanquished

Notes
Turn   | Place    | Note
-------+----------+-------------------------------------------
     0 | D:1      | NinjaNoafa the Draconian Fire Elementalist began the quest
                  | for the Orb.
     0 | D:1      | Reached XP level 1. HP: 14/14 MP: 3/3
     0 | D:1      | Upgraded the game from 0.30-a0-58-gc0703345a7 to
                  | 0.29.1-debian-1-gc3f1650bb9
     4 | D:1      | Noticed an elf
     6 | D:1      | Noticed a demigod
     8 | D:1      | Noticed a naga
    10 | D:1      | Noticed a troll
    12 | D:1      | Noticed a demonspawn
    14 | D:1      | Noticed a merfolk
    14 | D:1      | Noticed a minotaur
    16 | D:1      | Noticed a palentonga
    16 | D:1      | Noticed a meteoran
    18 | D:1      | Noticed a felid
    18 | D:1      | Noticed a gargoyle
    20 | D:1      | Noticed a vampire
    20 | D:1      | Noticed an ogre
    22 | D:1      | Noticed a human
    22 | D:1      | Noticed an octopode
    24 | D:1      | Noticed a vine stalker
    24 | D:1      | Noticed a spriggan
    26 | D:1      | Noticed a formicid
    26 | D:1      | Noticed a ghoul
    28 | D:1      | Noticed a draconian
    28 | D:1      | Noticed a minotaur
    30 | D:1      | Noticed a tengu
    30 | D:1      | Noticed a felid
   266 | D:1      | Reached XP level 2. HP: 20/20 MP: 3/5
   835 | D:1      | Found a faded altar of an unknown god.
   835 | D:1      | Noticed a crimson imp
   844 | D:1      | Prayed at the altar of an unknown god.
   844 | D:1      | Became a worshipper of Sif Muna the Loreminder
   844 | D:1      | Reached * piety under Sif Muna
  1431 | D:2      | Reached XP level 3. HP: 16/26 MP: 0/6
  1441 | D:2      | Learned a level 2 spell: Scorch
  1595 | D:2      | Found a sparkling altar of Nemelex Xobeh.
  2099 | D:3      | Noticed Grinder
  2100 | D:3      | Noticed an ogre
  2104 | D:3      | Noticed Sigmund
  2111 | D:4      | Reached skill level 1 in Shields
  2156 | D:4      | Noticed Natasha
  2166 | D:4      | Killed Natasha
  2167 | D:4      | Reached XP level 4. HP: 30/33 MP: 1/7
  2648 | D:4      | Reached ** piety under Sif Muna
  2744 | D:4      | Reached XP level 5. HP: 27/38 MP: 4/9
  2752 | D:4      | Noticed Natasha
  2763 | D:4      | Killed Natasha
  2904 | D:4      | Noticed Natasha
  2908 | D:4      | Killed Natasha
  2981 | D:4      | Found Woutz's Distillery.
  2985 | D:4      | Bought a potion of mutation for 96 gold pieces
  3005 | D:4      | Found a blossoming altar of Fedhas.
  3006 | D:4      | Gained mutation: You occasionally lose the ability to drink
                  | potions when taking damage. [potion of mutation]
  3006 | D:4      | Gained mutation: You sometimes lose the ability to drink
                  | potions when taking damage. [potion of mutation]
  3006 | D:4      | Gained mutation: You are dopey. (Int -2) [potion of
                  | mutation]
  3007 | D:4      | Lost mutation: You are dopey. (Int -2) [potion of mutation]
  3007 | D:4      | Lost mutation: You sometimes lose the ability to drink
                  | potions when taking damage. [potion of mutation]
  3007 | D:4      | Lost mutation: You occasionally lose the ability to drink
                  | potions when taking damage. [potion of mutation]
  3007 | D:4      | Gained mutation: Your magical capacity is low. (-10% MP)
                  | [potion of mutation]
  3007 | D:4      | Gained mutation: Your mind is acute. (Int +4, Str/Dex -1)
                  | [potion of mutation]
  3053 | D:4      | Noticed Ijyb
  3062 | D:4      | Killed Ijyb
  3289 | D:4      | Reached XP level 6. HP: 24/45 MP: 2/9
  3586 | D:4      | Found a shimmering blue altar of Sif Muna.
  3712 | D:5      | Entered Level 5 of the Dungeon
  3990 | D:5      | Reached skill level 5 in Fire Magic
  4166 | D:5      | Noticed a sky beast
  4174 | D:5      | Killed a sky beast
  4175 | D:5      | Your scales start taking on a glossy black colour.
  4175 | D:5      | Reached XP level 7. HP: 45/50 MP: 0/10
  4175 | D:5      | Gained mutation: You are resistant to electric shocks.
                  | (rElec) [Black Draconian growth]
  4633 | D:5      | Found Momum's Jewellery Shop.
  4693 | D:5      | Reached skill level 5 in Conjurations
  5110 | D:6      | Found an opulent altar of Gozag.
  5524 | D:6      | Reached skill level 1 in Invocations
  5524 | D:6      | Reached skill level 1 in Evocations
  5524 | D:6      | Reached XP level 8. HP: 57/57 MP: 2/11
  5973 | D:6      | Found a staircase to the Ecumenical Temple.
  5982 | Temple   | Entered the Ecumenical Temple
  6628 | D:7      | Found Bewoteas's Antique Armour Shop.
  6657 | D:7      | Reached skill level 5 in Invocations
  6775 | D:7      | Bought a pair of boots for 90 gold pieces
  6820 | D:7      | Reached *** piety under Sif Muna
  6976 | D:7      | Reached skill level 1 in Air Magic
  6979 | D:7      | Learned a level 2 spell: Static Discharge
  7077 | D:7      | Reached XP level 9. HP: 57/62 MP: 7/12
  7581 | D:7      | Reached skill level 5 in Air Magic
  8224 | D:8      | Noticed Maurice
  8229 | D:8      | Killed Maurice
  8517 | D:8      | Found Matagy's Distillery.
  8554 | D:8      | Found a flagged portal.
  8642 | Bailey   | Entered a bailey
  8666 | Bailey   | HP: 4/93 [orc warrior (3)]
  8860 | Bailey   | Reached skill level 5 in Spellcasting
  9381 | Bailey   | Noticed an orc knight
  9390 | Bailey   | Reached XP level 10. HP: 19/69 MP: 4/15
  9395 | Bailey   | HP: 3/69 [orc knight/+0 halberd (2)]
  9397 | Bailey   | Killed an orc knight
  9816 | Bailey   | Got the Dissertation on Illusion
  9822 | Bailey   | Learned a level 4 spell: Flame Wave
  9827 | Bailey   | Learned a level 4 spell: Sticky Flame
 10340 | D:8      | Noticed Grum
 10350 | D:8      | Killed Grum
 10987 | D:8      | Found a sparkling altar of Nemelex Xobeh.
 11835 | D:9      | Noticed a two-headed ogre
 11862 | D:9      | Killed a two-headed ogre
 11869 | D:9      | Slain by an orc warrior

Illustrated notes

Levels and vault maps discovered:
D:1:      kb_arrival_jail, layout_basic, dreamdust_ecumenical_altar_sealed_demon
D:2:      layout_rooms, basic_altar
D:3:      layout_rooms, uniq_sigmund, uniq_grinder
D:4:      layout_cave_pools, mainiacjoe_overflow_catwalk_spiral, serial_shops,
          shop, minmay_fractal_squares_gapless_5, uniq_natasha, uniq_ijyb
D:5:      layout_loops_ring, minmay_shop_enchanted_jewellery, minmay_crossroads
D:6:      layout_cave_pods, kennysheep_mini, lemuel_temple_firewalk_b,
          nicolae_elevator_lobby_plus
D:7:      layout_loops_corners, nicolae_stop_n_shop_2, minmay_checkerbox
D:8:      layout_loops_ring, general_overflow_altar, serial_shops, shop,
          enter_bailey_5, grunt_ministairs_2, uniq_maurice, uniq_grum
D:9:      layout_roguey [special_room_orc], elyvilon_altar_5, erik_lair_dragon
Temple:   nicolae_temple_x_marks_the_god

Skill      XL: |  1  2  3  4  5  6  7  8  9 10 |
---------------+-------------------------------+-----
Shields        | 2 3 |  3.0
Conjurations   | 2 3 4 5 6 9 |  9.0
Spellcasting   | 3 5 6 |  6.1
Fire Magic     | 4 5 7 9 |  9.0
Invocations    | 1 5 7 |  7.0
Evocations     | 1 3 |  3.0
Dodging        | 3 |  3.0
Air Magic      | 2 5 |  5.0
Stealth        | |  1.7

Action                   |  1- 3 |  4- 6 |  7- 9 | 10-12 || total
-------------------------+-------+-------+-------+-------++-------
Melee: Whip              |     7 |       |       |       ||     7
       Trident           |    20 |    18 |    35 |       ||    73
       Tailslap          |     2 |       |    15 |     2 ||    19
       War axe           |       |       |    61 |    20 ||    81
 Cast: Foxfire           |    74 |    90 |   129 |     3 ||   296
       Scorch            |       |    13 |    23 |    14 ||    50
       Static Discharge  |       |       |    18 |     7 ||    25
       Flame Wave        |       |       |       |    12 ||    12
       Sticky Flame      |       |       |       |     3 ||     3
Invok: Channel Magic     |       |     1 |       |     1 ||     2
 Abil: Breathe Lightning |       |       |     8 |     4 ||    12
Evoke: Wand              |       |       |     7 |       ||     7
  Use: Potion            |       |     3 |    10 |       ||    13
       Scroll            |       |     7 |     7 |     4 ||    18
 Stab: Sleeping          |     1 |     1 |       |       ||     2
Armor: Skin              |    20 |    17 |    88 |    34 ||   159
Dodge: Dodged            |    24 |    21 |   129 |    42 ||   216
Block: Buckler           |     3 |     6 |    54 |    17 ||    80
